 Dungeon Crawl Stone Soup version 0.22-a0-271-gc000056 (webtiles) character file.

63505 ohad the Champion of Chaos (level 14, -5/109 HPs)
             Began as a Demonspawn Transmuter on Mar 8, 2018.
             Was the Champion of Makhleb.
             Slain by an orc
             ... wielding a +0 flail
              (8 damage)
             ... on level 1 of the Orcish Mines on Mar 10, 2018.
             The game lasted 01:36:20 (25649 turns).

ohad the Champion of Chaos (Demonspawn Transmuter) Turns: 25649, Time: 01:36:20

Health: -5/109     AC: 13    Str: 11    XL:     14   Next: 68%
Magic:  20/24      EV: 17    Int: 24    God:    Makhleb [******]
Gold:   1422       SH:  0    Dex: 13    Spells: 11/26 levels left

rFire    + . .     SeeInvis .     - Unarmed
rCold    . . .     Gourm    .   (shield currently unavailable)
rNeg     . . .     Faith    +   t - +1 troll leather armour {Purgy}
rPois    .         Spirit   .   F - +2 hat
rElec    .         Reflect  .   v - +0 cloak {+Inv}
rCorr    .         Harm     .   (gloves unavailable)
MR       +....                  o - +1 pair of boots
Stlth    ++++......             T - amulet of faith
HPRegen  0.68/turn              C - +4 ring of intelligence
MPRegen  0.19/turn              w - +4 ring of slaying

@: blade hands (expiring), hasted, studying Crossbows, very quick
A: claws 3, yellow scales 2, fire resistance 1, nightstalker 1
a: End Transformation, Minor Destruction, Lesser Servant of Makhleb, Major
Destruction, Greater Servant of Makhleb, Renounce Religion, Evoke Invisibility


You were on level 1 of the Orcish Mines.
You worshipped Makhleb.
Makhleb was exalted by your worship.
You were not hungry.
You had blades for hands.
You visited 3 branches of the dungeon, and saw 21 of its levels.
You also visited: Labyrinth.

You collected 1422 gold pieces.

Inventory:

Hand Weapons
 i - a +0 dagger of venom
 H - the +4 arc blade {discharge, rElec}
   (You found it in a labyrinth)

   It insulates you from electricity.
 L - a +0 arbalest
 O - a +2 whip of electrocution
 R - a +0 scimitar of flaming
 S - the +8 whip "Snakebite" {curare, rPois}
   (You found it on level 4 of the Lair of Beasts)

   It poisons the flesh of those it strikes.
   It protects you from poison.
 U - a +0 lajatang
Missiles
 a - 424 arrows
 I - 99 bolts
 W - 17 poisoned javelins (quivered)
Armour
 f - a +2 scale mail of cold resistance
 g - a +0 shield
 o - a +1 pair of boots (worn)
 t - a +1 troll leather armour (worn) {Purgy}
 v - a +0 cloak of invisibility (worn)
 F - a +2 hat (worn)
Jewellery
 h - an uncursed ring of flight
 k - an uncursed ring of resist corrosion
 u - an uncursed ring of see invisible
 w - a +4 ring of slaying (right scythe-like blade)
 z - an uncursed ring of stealth
 A - an uncursed ring of magical power
 C - a +4 ring of intelligence (left scythe-like blade)
 T - an amulet of faith (around neck)
Wands
 j - a wand of random effects (10)
 K - a wand of flame (35)
 P - a wand of scattershot (6)
 V - a wand of digging (27)
 Z - a wand of acid (28)
Scrolls
 e - 12 scrolls of teleportation
 p - 7 scrolls of remove curse
 B - a scroll of silence
 D - 3 scrolls of identify
 G - a scroll of fog
 J - 6 scrolls of magic mapping
 N - 3 scrolls of immolation
 X - 2 scrolls of enchant armour
Potions
 c - 2 potions of magic
 l - a potion of cancellation
 m - 2 potions of lignification
 q - a potion of resistance
 r - 6 potions of curing
 s - 2 potions of haste
 E - 2 potions of might
 M - a potion of agility
 Q - 2 potions of heal wounds
 Y - a potion of ambrosia
Books
 b - a manual of Crossbows
Miscellaneous
 n - a lightning rod (4/4)
 x - a sack of spiders
 y - a fan of gales
Comestibles
 d - 32 rations


   Skills:
 + Level 9.6 Fighting
 - Level 9.6 Dodging
 - Level 7.2 Stealth
 - Level 12.5 Unarmed Combat
 - Level 6.8 Spellcasting
 - Level 9.5 Transmutations
 - Level 4.0 Ice Magic
 - Level 13.0 Invocations


You had 11 spell levels left.
You knew the following spells:

 Your Spells              Type           Power        Failure   Level  Hunger
a - Blade Hands           Tmut           ######....   34%         5    #####..
b - Sticks to Snakes      Tmut           ######..     10%         2    None
c - Spider Form           Tmut/Pois      ####......   30%         3    None
d - Ice Form              Ice/Tmut       #####...     36%         4    ###....
e - Confusing Touch       Hex            #.....       45%         1    None


Dungeon Overview and Level Annotations

Branches:
Dungeon (14/15)            Temple (0/1) D:6            Lair (6/6) D:9
  Swamp (0/4) Lair:2        Snake (0/4) Lair:2        Slime (0/5) Lair:6
    Orc (1/2) D:12         Vaults (0/5) D:14

Altars:
Dithmenos
Gozag
Kikubaaqudgha
Makhleb
Nemelex Xobeh
Qazlal
Sif Muna
Xom
Zin


Innate Abilities, Weirdness & Mutations

You have claws for hands.
You are mostly covered in yellow scales. (AC +3)
Your flesh is heat resistant. (rF+)
You are slightly more attuned to the shadows.


Message History

The orc priest begins to cast a cantrip, but forgets the words!
Unknown command.
You slash the orc!
You kill the orc!
Makhleb accepts your kill.
Unknown command.
You slice the orc warrior!!
The orc warrior is severely wounded.
The orc closely misses you. The orc barely misses you. x2
The orc warrior hits you with a hand axe.
* * * LOW HITPOINT WARNING * * *
Unknown command.
You slash the orc warrior!
You kill the orc warrior!
Makhleb accepts your kill.
You feel better.
The orc warrior hits you from afar with an enchanted glaive!
* * * LOW HITPOINT WARNING * * *
The orc hits you with a flail!
You die...

#.........#
###..........
##............ #
#............>
#.##............
................
#......o.<#
......oo###
.....)o@o#
##...ooo).#
##....o.o...
#...........
###.........
##........
##.......


You could see an orc warrior, an orc priest and 8 orcs.

Vanquished Creatures
  A minotaur (Lab)
  The ghost of neds the Grappler, a journeyman TrMo of Yredelemnul (Lair:1)
  Snorg (Lair:6)
  3 hydras
  A centaur warrior (D:13)
  An anaconda (Lair:6)
  Erica (D:8)
  4 two-headed ogres
  The ghost of nikopol the Thaumaturge, a journeyman DEFE of Sif Muna (D:11)
  3 tengu warriors
  Urug (D:11)
  A shadow wraith (D:14)
  An orc knight (Orc:1)
  An ugly thing (D:12)
  3 deep elf magi
  3 cyclopes
  A manticore (D:14)
  Maurice (D:11)
  17 elephants
  2 torpor snails
  9 black mambas
  3 centaur skeletons
  5 komodo dragons
  10 spiny frogs
  A yaktaur (D:13)
  2 rime drakes
  A harpy zombie (D:14)
  A tengu conjurer (D:13)
  2 meliai (D:13)
  3 trolls
  A blink frog (shapeshifter) (D:14)
  9 polar bears (Lair:6)
  7 hippogriffs
  A hippogriff (shapeshifter) (D:14)
  A meliai zombie (D:14)
  4 wyverns
  A shadow (D:11)
  3 fire bats (Lair:6)
  2 vampires
  25 yaks
  3 basilisks
  2 hungry ghosts
  2 vampire mosquitoes (D:14)
  4 wargs (Lair:6)
  2 nagas (Lair:2)
  13 water moccasins
  17 hell hounds (Lair:6)
  8 porcupines
  A hornet zombie (D:10)
  Purgy (D:3)
  A phantom (D:13)
  7 orc warriors
  5 ice beasts
  9 ogres
  17 black bears
  An eye of draining (D:14)
  7 sky beasts
  7 centaurs
  32 wolves
  10 crocodiles
  5 big kobolds
  12 bullfrogs
  A wyvern zombie (D:10)
  A wyvern skeleton (D:13)
  3 scorpions
  11 killer bees
  7 wights
  4 electric eels
  5 howler monkeys
  6 crimson imps
  3 bullfrog zombies
  5 centaur zombies
  7 jellies
  6 orc priests
  11 hounds
  20 orc wizards
  3 iron imps (D:4)
  Crazy Yiuf (D:7)
  Jessica (D:3)
  A bullfrog skeleton (D:12)
  2 iguanas
  8 worker ants
  Natasha (thrice) (D:3)
  3 hell rats (Lair:3)
  A hound zombie (D:11)
  A hound skeleton (D:10)
  A howler monkey zombie (D:4)
  8 worker ant zombies
  Robin (D:3)
  9 adders
  6 gnolls
  2 howler monkey skeletons
  7 river rats (Lair:3)
  A shadow imp (D:6)
  5 oozes
  3 adder zombies
  3 adder skeletons
  2 worms (D:4)
  5 dart slugs
  5 leopard geckos
  48 orcs
  4 bats
  5 giant cockroaches
  19 goblins
  9 hobgoblins
  3 jackals (D:1)
  18 kobolds
  2 quokkas
  A ball python (D:3)
  A ball python zombie (D:4)
  4 frilled lizards
  2 jackal zombies (D:4)
  3 leopard gecko zombies
  A quokka zombie (D:4)
  12 rats
  4 fungi (D:5)
613 creatures vanquished.

Vanquished Creatures (collateral kills)
  Rupert (D:12)
  A tengu warrior (D:13)
  The ghost of Nico3ck the Conjurer, a novice DsFE (D:5)
  A meliai (D:13)
  A yak (Lair:1)
  A soldier ant (D:13)
  An ice beast (D:12)
  An ogre (D:4)
  A centaur (D:13)
  2 wolves (Lair:5)
  A gnoll sergeant (D:7)
  A wyvern skeleton (D:13)
  An orc priest (D:13)
  An orc (D:13)
15 creatures vanquished.

Vanquished Creatures (others)
  An orc priest (D:4)
  An orc wizard (D:4)
  2 adders (D:4)
  2 orcs
  2 jackals (D:4)
  12 fungi
  9 plants
29 creatures vanquished.

Grand Total: 657 creatures vanquished

Notes
Turn   | Place    | Note
-------+----------+-------------------------------------------
     0 | D:1      | ohad the Demonspawn Transmuter began the quest for the Orb.
     0 | D:1      | Reached XP level 1. HP: 15/15 MP: 3/3
    52 | D:1      | Gained mutation: You are partially covered in yellow scales. (AC +2) [demonic ancestry]
    52 | D:1      | Reached XP level 2. HP: 16/21 MP: 5/5
   240 | D:1      | Learned a level 2 spell: Sticks to Snakes
   408 | D:1      | Reached XP level 3. HP: 13/26 MP: 6/6
   576 | D:1      | Learned a level 3 spell: Spider Form
  1333 | D:2      | Found a shadowy altar of Dithmenos.
  2168 | D:3      | Noticed Natasha
  2189 | D:3      | Noticed Jessica
  2195 | D:3      | Killed Jessica
  2195 | D:3      | Reached XP level 4. HP: 30/32 MP: 3/7
  2405 | D:3      | Noticed Robin
  2423 | D:3      | Killed Robin
  2639 | D:3      | Killed Natasha
  2639 | D:3      | Reached skill level 5 in Transmutations
  2639 | D:3      | Gained mutation: You have sharp fingernails. [demonic ancestry]
  2639 | D:3      | Reached XP level 5. HP: 24/37 MP: 2/8
  2714 | D:3      | Noticed Purgy
  2736 | D:3      | Killed Purgy
  2883 | D:3      | Noticed Natasha
  2893 | D:3      | Killed Natasha
  2893 | D:3      | Reached XP level 6. HP: 28/43 MP: 6/9
  3221 | D:3      | Noticed Natasha
  3232 | D:3      | Killed Natasha
  3573 | D:4      | Upgraded the game from 0.22-a0-266-g5fdf0d7 to 0.22-a0-268-g1cc83ef
  3704 | D:4      | Found a shimmering altar of Xom.
  3800 | D:4      | Gained mutation: Your flesh is heat resistant. (rF+) [demonic ancestry]
  3800 | D:4      | Reached XP level 7. HP: 35/48 MP: 10/10
  4037 | D:4      | Found a burning altar of Makhleb.
  4206 | D:4      | Became a worshipper of Makhleb the Destroyer
  4585 | D:5      | Entered Level 5 of the Dungeon
  4629 | D:5      | Learned a level 4 spell: Ice Form
  4824 | D:5      | Noticed Nico3ck's ghost (novice DsFE)
  4931 | D:5      | Reached skill level 1 in Ice Magic
  5768 | D:5      | Killed Nico3ck's ghost
  5768 | D:5      | Reached XP level 8. HP: 32/54 MP: 11/11
  6363 | D:6      | Learned a level 5 spell: Blade Hands
  6396 | D:6      | Reached * piety under Makhleb
  6508 | D:6      | Reached skill level 5 in Spellcasting
  6657 | D:6      | Found a staircase to the Ecumenical Temple.
  6766 | D:6      | Found a glowing silver altar of Zin.
  6915 | D:6      | Gained mutation: You are slightly more attuned to the shadows. [demonic ancestry]
  6915 | D:6      | Reached XP level 9. HP: 65/65 MP: 16/16
  7217 | D:6      | Found an opulent altar of Gozag.
  7656 | D:7      | Reached ** piety under Makhleb
  7884 | D:7      | Reached skill level 5 in Unarmed Combat
  7914 | D:7      | Found a runed door.
  8187 | D:7      | Noticed Crazy Yiuf
  8191 | D:7      | Killed Crazy Yiuf
  8554 | D:8      | Noticed Erica
  8586 | D:8      | Killed Erica
  8725 | D:8      | Found a sparkling altar of Nemelex Xobeh.
  8728 | D:8      | Found an ancient bone altar of Kikubaaqudgha.
  8786 | D:8      | Found a deep blue altar of Sif Muna.
  8798 | D:8      | Found a stormy altar of Qazlal.
  9720 | D:9      | Reached XP level 10. HP: 60/71 MP: 17/17
  9856 | D:9      | Reached skill level 5 in Dodging
  9899 | D:9      | Found a staircase to the Lair.
  9909 | Lair:1   | Entered Level 1 of the Lair of Beasts
  9923 | Lair:1   | Noticed a spiny frog
  9934 | Lair:1   | Killed a spiny frog
 10096 | Lair:1   | Noticed neds's ghost (journeyman TrMo)
 10187 | Lair:1   | Reached skill level 5 in Fighting
 10300 | Lair:1   | Noticed a spiny frog
 10307 | Lair:1   | Killed a spiny frog
 10433 | D:9      | Reached *** piety under Makhleb
 11098 | D:10     | Entered Level 10 of the Dungeon
 11120 | D:9      | Gained mutation: You have very sharp fingernails. [demonic ancestry]
 11120 | D:9      | Reached XP level 11. HP: 75/86 MP: 18/18
 11258 | D:10     | Noticed a two-headed ogre
 11263 | D:10     | Killed a two-headed ogre
 11601 | D:10     | Learned a level 1 spell: Confusing Touch
 11708 | D:10     | Noticed a two-headed ogre
 11715 | D:10     | Killed a two-headed ogre
 12318 | Lair:1   | Killed neds's ghost
 12318 | Lair:1   | Reached skill level 4 in Invocations
 13328 | Lair:2   | Found a labyrinth entrance.
 13342 | Lab      | Entered a labyrinth
 14783 | Lab      | Noticed a minotaur
 14789 | Lab      | Found the +4 arc blade {discharge, rElec}
 14795 | Lab      | Killed a minotaur
 15176 | Lair:2   | Found a staircase to the Snake Pit.
 15233 | Lair:2   | Found the +3 hat of Pondering {ponderous, MR+ MP+10 Int+5}
 15366 | Lair:2   | Found a staircase to the Swamp.
 15560 | Lair:2   | Gained mutation: You have claws for hands. [demonic ancestry]
 15560 | Lair:2   | Reached XP level 12. HP: 94/94 MP: 19/19
 15924 | Lair:3   | Noticed a seven-headed hydra
 15932 | Lair:2   | Killed a seven-headed hydra
 16237 | Lair:3   | Reached **** piety under Makhleb
 16755 | Lair:3   | You fall through a shaft for 2 floors!
 17038 | Lair:4   | Noticed a six-headed hydra
 17062 | Lair:4   | Killed a six-headed hydra
 17062 | Lair:4   | Reached skill level 10 in Unarmed Combat
 17866 | Lair:4   | Found the +8 whip "Snakebite" {curare, rPois}
 18274 | Lair:4   | Reached XP level 13. HP: 101/101 MP: 20/20
 19244 | Lair:5   | Reached skill level 1 in Stealth
 19886 | Lair:6   | Entered Level 6 of the Lair of Beasts
 19938 | Lair:6   | Found a staircase to the Slime Pits.
 20013 | Lair:6   | Noticed Snorg
 20025 | Lair:6   | Killed Snorg
 20280 | Lair:6   | Reached ***** piety under Makhleb
 20326 | Lair:6   | Reached skill level 5 in Stealth
 20741 | Lair:6   | Reached skill level 5 in Invocations
 20825 | Lair:6   | Reached skill level 6 in Invocations
 20869 | Lair:6   | Reached skill level 7 in Invocations
 20986 | Lair:6   | Reached skill level 8 in Invocations
 21011 | Lair:6   | Reached ****** piety under Makhleb
 21056 | Lair:6   | Reached skill level 9 in Invocations
 21612 | D:11     | Noticed Maurice
 21627 | D:11     | Killed Maurice
 21627 | D:11     | Reached skill level 10 in Invocations
 22022 | D:11     | Noticed nikopol's ghost (journeyman DEFE)
 22028 | D:11     | Killed nikopol's ghost
 22091 | D:11     | Reached skill level 11 in Invocations
 22091 | D:11     | Gained mutation: You are mostly covered in yellow scales. (AC +3) [demonic ancestry]
 22091 | D:11     | Reached XP level 14. HP: 108/108 MP: 22/22
 22092 | D:11     | Upgraded the game from 0.22-a0-268-g1cc83ef to 0.22-a0-271-gc000056
 22114 | D:11     | Noticed Urug
 22131 | D:11     | Killed Urug
 22563 | D:12     | Found a staircase to the Orcish Mines.
 22832 | D:12     | Reached skill level 12 in Invocations
 22835 | D:12     | Noticed Rupert
 22845 | D:12     | Paralysed by Rupert for 3 turns
 22853 | D:12     | Killed Rupert
 23554 | D:13     | Reached skill level 13 in Invocations
 23600 | D:13     | Got a brightly glowing scale mail
 23613 | D:13     | Identified the cursed +0 scale mail of the Stars {Int+4} (You found it on level 13 of the Dungeon)
 24926 | D:14     | Found a gate to the Vaults.
 25139 | D:14     | Found a shadowy altar of Dithmenos.
 25603 | Orc:1    | Entered Level 1 of the Orcish Mines
 25649 | Orc:1    | HP: 3/109 [orc warrior/enchanted glaive (17)]
 25649 | Orc:1    | Slain by an orc

Vault maps used:
D:1:      grunt_arrival_crossed_arrows
D:2:      kennysheep_big_flooded_room, lemuel_coloured_pillars_altar,
          palyth_stone_intersect, minmay_heptomino_d4
D:3:      first_ration, grunt_ministairs_9, kennysheep_nondescript,
          minmay_cupped, uniq_jessica, uniq_robin, uniq_natasha, uniq_purgy
D:4:      xom_confusion_cloud, demons_altar, serial_undead, serial_undead_d,
          serial_undead_b, serial_undead_d, serial_undead_b, serial_undead_d,
          minmay_item_behind_shaft
D:5:      water_boxes_lemuel
D:6:      zin_statuary, nicolae_overflow_hidden_temple, minmay_temple_entry_grid
D:7:      uniq_crazy_yiuf_cottage
D:8:      kennysheep_little_box, gammafunk_temple_overflow_forgotten,
          nrook_mini_vaults, minmay_small_thing, uniq_erica
D:9:      due_lair_maze_entry_diamond
D:10:     kennysheep_opposing_triangles
D:11:     uniq_maurice, uniq_urug
D:12:     orc_0_dummy, uniq_rupert
D:14:     david_vaults_4, corexii_hall_statues_i, blue_anna_alchemist,
          nicolae_dithmenos_the_darkroom
Lair:1:   patterned_corridor
Lair:2:   swamp_mist_pool, guppyfry_snake_entry_garden, lab_entry_generic,
          serial_bayou_pond_e, nicolae_quartered_pool_little,
          hangedman_lair_unloving_vines, lemuel_old_faithful
Lair:3:   kennysheep_abandoned_house, infiniplex_staircase_pool,
          serial_bayou_shore_b
Lair:4:   minmay_guarded_unrand_snakebite, serial_bayou, serial_bayou_crossing,
          serial_bayou_pond_e, serial_bayou_ford_a, serial_bayou_shore_b
Lair:5:   grunt_megastairs_4
Lair:6:   hangedman_lair_caniforms_friends, nicolae_slime_entry_slimehenge,
          nicolae_volcano_entry_batcave, uniq_snorg
Orc:1:    uniq_gastronok
Lab:      labyrinth_hidden_loot

Skill      XL: |  1  2  3  4  5  6  7  8  9 10 11 12 13 14 |
---------------+-------------------------------------------+-----
Transmutations | 2 3 4 5 7 8 9 |  9.5
Ice Magic      | 4 |  4.0
Spellcasting   | 5 6 |  6.8
Fighting       | 3 7 8 9 |  9.6
Unarmed Combat | 7 9 12 | 12.5
Dodging        | 4 6 8 9 |  9.6
Invocations    | 4 11 13 | 13.0
Stealth        | 7 |  7.2

Action                   |  1- 3 |  4- 6 |  7- 9 | 10-12 | 13-15 || total
-------------------------+-------+-------+-------+-------+-------++-------
Melee: Unarmed           |   146 |   206 |   463 |   626 |   764 ||  2205
       Kick              |    12 |    12 |     2 |       |       ||    26
       Headbutt          |     7 |       |     3 |       |       ||    10
       Punch             |     2 |     1 |     1 |    15 |    40 ||    59
 Fire: Blowgun           |       |       |       |    10 |       ||    10
 Cast: Beastly Appendage |    14 |     2 |     2 |       |       ||    18
       Spider Form       |     7 |    16 |    13 |       |       ||    36
       Sticks to Snakes  |       |     2 |    17 |    12 |     3 ||    34
       Ice Form          |       |       |     9 |    19 |     2 ||    30
       Blade Hands       |       |       |    16 |    38 |    37 ||    91
       Confusing Touch   |       |       |       |       |     1 ||     1
Invok: Lesser Servant of |       |       |       |     5 |     3 ||     8
       Greater Servant o |       |       |       |       |     2 ||     2
 Abil: End Transformatio |       |       |     4 |     1 |       ||     5
  Use: Scroll            |       |     5 |    12 |     5 |     7 ||    29
       Potion            |       |     2 |     1 |     2 |     7 ||    12
 Stab: Confused          |       |     1 |       |       |     1 ||     2
       Sleeping          |       |       |     2 |     3 |    30 ||    35
       Distracted        |       |       |       |     3 |     4 ||     7
  Eat: Chunk             |     6 |     8 |    19 |    20 |    25 ||    78
       Ration            |       |       |     3 |     7 |     3 ||    13
Armor: Robe              |    44 |     1 |       |       |       ||    45
       Skin              |     2 |     6 |    25 |    32 |    17 ||    82
       Troll leather arm |       |    43 |    78 |   175 |   301 ||   597
Dodge: Dodged            |   134 |   151 |   191 |   507 |   908 ||  1891

Table legend:
 A = Spawn XP
 B = Non-spawn XP
 C = Spawn XP percentage of total XP
 D = Spawn monster count
 E = Non-spawn monster count
 F = Spawn count percentage of total count
 G = Total turns spent on level
                    A         B        C        D         E        F      G
               +---------+---------+-------+---------+---------+-------+---------
         Total |       0 |   90722 |   0.0 |       0 |     623 |   0.0 | 25649
               +---------+---------+-------+---------+---------+-------+---------
           D:1 |       0 |      55 |   0.0 |       0 |      25 |   0.0 |   943
           D:2 |       0 |      45 |   0.0 |       0 |      18 |   0.0 |  1364
           D:3 |       0 |     337 |   0.0 |       0 |      25 |   0.0 |   980
           D:4 |       0 |     644 |   0.0 |       0 |      43 |   0.0 |  1335
           D:5 |       0 |     718 |   0.0 |       0 |      17 |   0.0 |  1588
           D:6 |       0 |    1138 |   0.0 |       0 |      29 |   0.0 |  1068
           D:7 |       0 |     721 |   0.0 |       0 |      23 |   0.0 |  1020
           D:8 |       0 |    1171 |   0.0 |       0 |       7 |   0.0 |  1253
           D:9 |       0 |    4358 |   0.0 |       0 |      53 |   0.0 |  1330
          D:10 |       0 |    3948 |   0.0 |       0 |      36 |   0.0 |   975
          D:11 |       0 |    4919 |   0.0 |       0 |      18 |   0.0 |   912
          D:12 |       0 |    6737 |   0.0 |       0 |      33 |   0.0 |  1095
          D:13 |       0 |    6839 |   0.0 |       0 |      35 |   0.0 |   995
          D:14 |       0 |    9923 |   0.0 |       0 |      31 |   0.0 |  1045
        Lair:1 |       0 |    5681 |   0.0 |       0 |      21 |   0.0 |  1544
        Lair:2 |       0 |    3459 |   0.0 |       0 |      18 |   0.0 |  1237
        Lair:3 |       0 |    2112 |   0.0 |       0 |      27 |   0.0 |  1018
        Lair:4 |       0 |   11686 |   0.0 |       0 |      33 |   0.0 |  1560
        Lair:5 |       0 |    4553 |   0.0 |       0 |      22 |   0.0 |  1334
        Lair:6 |       0 |   18573 |   0.0 |       0 |      89 |   0.0 |  1522
         Orc:1 |       0 |    1953 |   0.0 |       0 |      19 |   0.0 |    46
           Lab |       0 |    1152 |   0.0 |       0 |       1 |   0.0 |  1485
               +---------+---------+-------+---------+---------+-------+---------
